 Dungeon Crawl Stone Soup version 0.30.0-16-gbe6223bb7e (webtiles) character file.

Game seed: 13617300866369589656

297 sasquatch the Digger (level 5, -3/38 HPs)
             Began as a Demigod Earth Elementalist on May 20, 2023.
             Slain by a gnoll
             ... wielding a +0 flail
              (4 damage)
             ... on level 4 of the Dungeon.
             The game lasted 00:04:47 (2828 turns).

sasquatch the Digger (Demigod Earth Elementalist)   Turns: 2828, Time: 00:04:48

Health: -3/38      AC:  3    Str:  9    XL:     5   Next: 87%
Magic:  3/13       EV: 17    Int: 21    God:
Gold:   94         SH:  0    Dex: 14    Spells: 4/10 levels left

rFire   . . .        t - +1 long sword (flame)
rCold   . . .        (no shield)
rNeg    . . .        a - +0 robe
rPois   .            s - +0 helmet
rElec   .            (no cloak)
rCorr   .            (no gloves)
SInv    .            (no boots)
Will    .....        (no amulet)
Stlth   ++           m - +5 ring of evasion
HPRegen 0.26/turn    u - +4 ring of slaying
MPRegen 0.13/turn

%: no passive effects
@: very slightly contaminated
A: high MP 1, forlorn, divine attributes
a: no special abilities


You were on level 4 of the Dungeon.
You visited 1 branch of the dungeon, and saw 4 of its levels.

You collected 94 gold pieces.

Inventory:

Hand Weapons
 f - a +0 dagger
 t - a +1 long sword of flaming (weapon)
Armour
 a - a +0 robe (worn)
 c - a +0 kite shield
 s - a +0 helmet (worn)
 x - a +0 tower shield
Jewellery
 m - a +5 ring of evasion (left hand)
 q - a ring of flight
 u - a +4 ring of slaying (right hand)
 y - the ring "Wiv Bob" {Ice Str+4}
   (You found it on level 3 of the Dungeon)

   [ring of ice]

   It enhances your ice magic.
   Str:       It affects your strength (+4).
   rF:        It makes you vulnerable to fire.
   rC:        It protects you from cold.
Wands
 p - a wand of digging (6)
Scrolls
 d - 9 scrolls of identify {unknown}
 e - a scroll of enchant armour {unknown}
 g - a scroll of poison {unknown}
 h - 3 scrolls of noise {unknown}
 i - 3 scrolls of immolation {unknown}
 n - a scroll of brand weapon {unknown}
 A - a scroll of fog {unknown}
Potions
 b - 2 potions of magic
 j - 2 potions of lignification {unknown}
 k - a potion of attraction {unknown}
 l - a potion of degeneration {unknown}
 o - 2 potions of heal wounds {unknown}
 r - a potion of curing {unknown}
 v - 3 potions of berserk rage {unknown}
 w - a potion of haste {unknown}
 z - 2 potions of brilliance {unknown}


   Skills:
 - Level 2.0 Dodging
 - Level 2.0 Stealth
 + Level 3.3 Spellcasting
 + Level 3.1 Transmutations
 + Level 4.1 Earth Magic


You had 4 spell levels left.
You knew the following spells:

 Your Spells              Type           Power      Damage    Failure   Level
a - Sandblast             Erth           42%        2d11      2%          1
b - Stone Arrow           Conj/Erth      24%        3d8       16%         3
c - Passwall              Tmut/Erth      15%        N/A       4%          2

Your spell library contained the following spells:

 Spells                   Type           Power      Damage    Failure   Level
 Lesser Beckoning         Tloc           6%         N/A       19%         2
 Petrify                  Tmut/Erth      18%        N/A       28%         4
 Dazzling Flash           Conj/Hex       6%         N/A       36%         3
 Gell's Gravitas          Tloc           3%         N/A       36%         3
 Teleport Other           Tloc           3%         N/A       36%         3
 Agony                    Necr           3%         N/A       98%         5
 Silence                  Hex/Air        1%         N/A       98%         5


Dungeon Overview and Level Annotations

Branches:
Dungeon (4/15)             Temple (0/1) D:4

Shops:
D:1 [*=

Annotations:
D:4 exclusion: ice beast


Innate Abilities, Weirdness & Mutations

You have an increased reservoir of magic. (+10% MP)
You shall have no god before yourself.
Your divine heritage dramatically boosts your attributes as you level up.


Message History

The gnoll hits you with a +0 flail!
Aiming: Sandblast (safe; 2% risk of failure)
Press: ? - help, Q - select action, (/) - cycle Shift-Dir - straight line, f/p - gnoll
Aim: a gnoll, wielding a +0 spear (85% to hit)
You miscast Sandblast.
You are very lightly contaminated with residual magic.
Nothing appears to happen.
The gnoll misses you. The gnoll hits you with a +0 whip.
The gnoll hits you with a +0 flail!
Aiming: Sandblast (safe; 2% risk of failure)
Press: ? - help, Q - select action, (/) - cycle Shift-Dir - straight line, f/p - gnoll
Aim: a gnoll, wielding a +0 spear (85% to hit)
The blast of sand hits the gnoll.
The gnoll is lightly wounded.
The gnoll barely misses you. The gnoll closely misses you. x2
The gnoll hits you with a +0 whip.
The gnoll hits you from afar with a +0 spear.
* * * LOW HITPOINT WARNING * * *
The gnoll barely misses you.
Aiming: Sandblast (safe; 2% risk of failure)
Press: ? - help, Q - select action, (/) - cycle Shift-Dir - straight line, f/p - gnoll
Aim: a gnoll, wielding a +0 spear (85% to hit)
Okay, then.
Aiming: Sandblast (safe; 2% risk of failure)
Press: ? - help, Q - select action, (/) - cycle Shift-Dir - straight line, f - gnoll, p - gnoll
Aim: a gnoll, wielding a +0 whip (severely wounded, 85% to hit)
The blast of sand hits the gnoll!
You kill the gnoll!
The gnoll barely misses you. The gnoll misses you.
Aiming: Sandblast (safe; 2% risk of failure)
Press: ? - help, Q - select action, (/) - cycle Shift-Dir - straight line, f - gnoll
Aim: a gnoll, wielding a +0 flail (85% to hit)
The blast of sand hits the gnoll!
The gnoll is severely wounded.
The gnoll hits you with a +0 flail.
* * * LOW HITPOINT WARNING * * *
The gnoll hits you from afar with a +0 spear!
* * * LOW HITPOINT WARNING * * *
The gnoll closely misses you. The gnoll hits you with a +0 flail.
You die...

........ #........#
........ #........#
###########+###'#######.
..........†.............
................>.......
........................
....................(...
........................
#######+######+#@..(####
# .....gg)...+ #
......#....# #
####..#....# # ##
##....# ....# ....#
....#


You could see 2 gnolls.

Vanquished Creatures
  Jessica (D:3)
  Natasha (D:4)
  An orc wizard (D:3)
  Robin (D:2)
  2 gnolls (D:4)
  7 adders
  A worm (D:3)
  3 dart slugs
  8 orcs (D:3)
  9 ball pythons
  4 bats
  4 endoplasms
  A giant cockroach (D:2)
  14 goblins
  8 hobgoblins
  9 jackals (D:1)
  3 quokkas
  4 frilled lizards
  10 kobolds
  21 rats
112 creatures vanquished.

Notes
Turn   | Place    | Note
-------+----------+-------------------------------------------
     0 | D:1      | sasquatch the Demigod Earth Elementalist began the quest
                  | for the Orb.
     0 | D:1      | Reached XP level 1. HP: 14/14 MP: 5/5
    15 | D:1      | Reached skill level 1 in Transmutations
   198 | D:1      | Reached XP level 2. HP: 20/20 MP: 4/7
   244 | D:1      | Found Etosec's General Store.
   438 | D:1      | Found Ostraiz's Armour Boutique.
   466 | D:1      | Reached skill level 3 in Earth Magic
   634 | D:1      | Reached XP level 3. HP: 23/26 MP: 4/8
   702 | D:1      | Learned a level 3 spell: Stone Arrow
   705 | D:1      | Learned a level 2 spell: Passwall
   748 | D:1      | Found Igitojoa's Jewellery Emporium.
  1240 | D:2      | Reached XP level 4. HP: 33/33 MP: 8/10
  1402 | D:2      | Noticed Robin
  1415 | D:2      | Killed Robin
  1715 | D:3      | Identified the ring "Wiv Bob" {Ice Str+4}
  1730 | D:3      | Reached XP level 5. HP: 38/38 MP: 9/12
  2197 | D:3      | Noticed Jessica
  2226 | D:3      | Killed Jessica
  2227 | D:3      | Reached skill level 4 in Earth Magic
  2705 | D:4      | Noticed an ice beast
  2746 | D:4      | Found a staircase to the Ecumenical Temple.
  2749 | D:4      | Noticed Natasha
  2754 | D:4      | Killed Natasha
  2828 | D:4      | HP: 1/38 [gnoll/+0 spear (8)]
  2828 | D:4      | Slain by a gnoll

Illustrated notes

Levels and vault maps discovered:
D:1:      dpeg_arrival_simpleton_a, layout_basic, serial_shops,
          nicolae_shop_back_alley_shop, shop, nicolae_shop_tiny_waterfront
D:2:      layout_rooms, uniq_robin
D:3:      layout_loops_ring, grunt_decor_resistance, minmay_rat_hole,
          uniq_jessica
D:4:      layout_gridville, minitemple, minmay_temple_entry_mist,
          ebering_ghost_sewer_f, uniq_sigmund, uniq_natasha

Skill      XL: |  1  2  3  4  5 |
---------------+----------------+-----
Transmutations | 1 2 3 |  3.1
Stealth        | 2 |  2.0
Dodging        | 2 |  2.0
Spellcasting   | 2 3 |  3.3
Earth Magic    | 3 4 |  4.1

Action                     |  1- 3 |  4- 6 || total
---------------------------+-------+-------++-------
  Melee: Unarmed           |     3 |       ||     3
         Dagger            |       |     7 ||     7
         Long sword        |       |     8 ||     8
   Cast: Sandblast         |    55 |    87 ||   142
   Stab: Sleeping          |       |     1 ||     1
 Armour: Robe              |     2 |    15 ||    17
  Dodge: Dodged            |    13 |    52 ||    65
